Unix xNetHack Version 7.1.0 - last build Jun 10 2022 16:52:22 (33bbff3b7d1ce07880d5c4b1c5efc7e91935e5b9). Game began 2022-07-02 21:09:01, ended 2022-07-03 18:33:51. nmlkj, chaotic male human Wizard -- .. .. -. ----- |..--.|.. ---- -......- ---..# ---- |..G...---....-- -----------..--------.......|......---- |<.......[...)................).h.....--- -..---------..-...------....G)..@.......-- - ..... -....-..........................##- ......... |.......----.......................#- |...|.---... |......>- |..---......--....--- ..(# --.--- ..- --.---... |..| ---....| -..-- -- -- --- --- ----- ---- --..-- .| ---- -- Nmlkj the Conjurer St:11 Dx:9 Co:12 In:18 Wi:10 Ch:13 Chaotic S:396 Dlvl:3 $:0 HP:0(29) Pw:20(30) AC:9 Xp:3/74 T:506 Satiated Latest messages: The spell hits the gnome! You kill the gnome! The gnome lord picks up a dagger. The gnome lord wields a crossbow! In what direction? l The spell hits the gnome lord! You kill the gnome lord! Welcome to experience level 3. There is a dwarf corpse here; eat it? [ynq] (n) y This dwarf corpse tastes okay. You stop eating the dwarf corpse. The gnome hits! In what direction? l The spell hits the gnome! You kill the gnome! There is a partly eaten dwarf corpse here; eat it? [ynq] (n) y You resume your meal. You finish eating the dwarf corpse. You see here a tripe ration. There is a tripe ration here; eat it? [ynq] (n) y Yak - dog food! You finish eating the tripe ration. c - a pair of hard shoes {50}. d - a scroll labeled YUM YUM {5}. You see here 5 rusty darts. e - 5 rusty darts {5}. There is nothing here to pick up. a - a dagger (at the ready) {10}. f - 12 mithril crossbow bolts {6}. You hear crashing rock. The gnome punches you! You punch the gnome. You miss the gnome. The gnome punches you! You miss the gnome. In what direction? k You kill the gnome! In what direction? k The spell hits the gnome! You kill the gnome! In what direction? k The spell misses the dwarf. The dwarf swings his broad pick. The dwarf bashes you! The gnome throws a dart! You are hit by a dart. You miss the dwarf. The dwarf swings his broad pick. The dwarf bashes you! You die... Major events: Turn 1: nmlkj the chaotic male human Wizard entered the dungeon 399: entered the Gnomish Mines 433: attained the rank of Conjurer (level 3) 506: killed by a dwarf Inventory: Inventory: 74/625 weight (5/52 slots) Weapons f - 12 +0 mithril crossbow bolts {6} e - 5 rusty +0 darts {5} Armor c - an uncursed +0 pair of dwarvish boots {50} b - an uncursed +0 cloak of magic resistance (being worn) {8} Scrolls d - a cursed scroll of create monster {5} Nmlkj the Wizard's attributes: Background: You were a Conjurer, a level 3 male human Wizard. You were chaotic, on a mission for Anhur who was opposed by Ptah (lawful) and Thoth (neutral). You were heterosexual. You were in the Gnomish Mines, on level 3. You entered the dungeon 506 turns ago. You had 74 experience points, 6 more were needed to attain level 4. Your score was 396 before end-of-game adjustments. Basics: You had 0 out of 29 hit points. You had 20 out of 30 energy points (spell power). Your armor class was 9. Your wallet was empty. Autopickup was on for '$"?+!=/' plus thrown. Final Characteristics: Your strength was 11 (limit:18/100). Your dexterity was 9 (limit:18). Your constitution was 12 (limit:18). Your intelligence was 18 (limit:18). Your wisdom was 10 (limit:18). Your charisma was 13 (limit:18). Final Status: You were satiated. You were unencumbered. You were bare handed. You were unskilled in bare handed combat. Final Attributes: You were fervently aligned. You were magic-protected. You were warded. You are dead. Miscellaneous: You never encountered a bones level. Total elapsed playing time was 4 minutes and 20 seconds. Vanquished creatures: a gnome leader a dwarf 5 gnomes 2 jackals 2 sewer rats a grid bug 2 lichens 14 creatures vanquished. No species were genocided or became extinct. Voluntary challenges: You were illiterate. You never genocided any monsters. You never polymorphed an object. You never changed form. You never touched an artifact. You used no wishes. You never owned a pet. You never scared an enemy with impunity. You were celibate. You never generated conflict. Achievements: You entered a shop. You entered the Gnomish Mines. You attained the rank of Conjurer. The Dungeons of Doom: levels 1 to 2 Level 1: Some fountains, a tree. Level 2: A weapon shop, an altar to Anhur, a fountain. Stairs down to The Gnomish Mines. The Gnomish Mines: Level 3: <- You were here. Final resting place for you, killed by a dwarf. Game over: __________ / \ / REST \ / IN \ / PEACE \ / \ | nmlkj | | 0 Au | | killed by a | | dwarf | | | | | | 2022 | *| * * * | * _________)/\\_//(\/(/\)/\//\/|_)_______ Goodbye nmlkj the Wizard... You died in The Gnomish Mines on dungeon level 3 with 396 points, and 0 pieces of gold, after 506 moves. You were level 3 with a maximum of 29 hit points when you died.